 Dungeon Crawl Stone Soup version 0.23.2 (webtiles) character file.

Game seed: 8958331863714254472

32 Kairos the Skirmisher (level 3, 30/30 HPs)
             Began as a Formicid Abyssal Knight on Apr 10, 2019.
             Was a Follower of Lugonu.
             Quit the game on level 1 of the Dungeon.
             The game lasted 00:02:35 (1029 turns).

Kairos the Skirmisher (Formicid Abyssal Knight)     Turns: 1029, Time: 00:02:36

Health: 30/30      AC:  6    Str: 17    XL:     3   Next: 42%
Magic:  4/4        EV: 10    Int: 11    God:    Lugonu [*.....]
Gold:   103        SH:  0    Dex: 10    Spells: 2/2 levels left

rFire    + . .     SeeInvis +   a - +2 spear
rCold    + . .     Gourm    .   (no shield)
rNeg     . . .     Faith    .   i - +0 ring mail
rPois    +         Spirit   .   (helmet unavailable)
rElec    +         Reflect  .   (no cloak)
rCorr    +         Harm     .   (no gloves)
MR       .....                  e - +0 pair of boots
Stlth    ..........             (no amulet)
HPRegen  0.10/turn              (no ring)
MPRegen  0.09/turn              (no ring)

@: resistant, flying
A: permanent stasis, dig shafts and tunnels, four strong arms, antennae 3
a: Dig, Shaft Self, Depart the Abyss, Renounce Religion


You were on level 1 of the Dungeon.
You worshipped Lugonu.
Lugonu was aware of your devotion.
You were hungry.

You visited 1 branch of the dungeon, and saw 1 of its levels.
You visited the Abyss 1 time.

You collected 103 gold pieces.

Inventory:

Hand Weapons
 a - a +2 spear (weapon)
Armour
 b - a +0 leather armour
 e - a +0 pair of boots (worn)
 i - a +0 ring mail (worn)
Potions
 d - a potion of cancellation
 f - 2 potions of degeneration
 g - a potion of heal wounds
 k - a potion of resistance
Comestibles
 c - 3 rations


   Skills:
 + Level 4.2 Fighting
 + Level 2.4 Polearms
 + Level 2.4 Armour
 + Level 1.0 Dodging
 + Level 2.2 Invocations


You had 2 spell levels left.
You didn't know any spells.
Your spell library was empty.

Dungeon Overview and Level Annotations

Branches:
Dungeon (1/15)

Altars:


Innate Abilities, Weirdness & Mutations

You cannot be hasted, slowed, berserked, paralysed or teleported.
You can dig through walls and to a lower floor.
Your four strong arms can wield two-handed weapons with a shield.
You have a pair of large antennae on your head. (SInv)


Message History

Done exploring.
As you read the scroll of identify, it crumbles to dust.
f - 2 potions of degeneration
As you read the scroll labeled BUTZIM COIGERI, it crumbles to dust.
It is a scroll of amnesia.
You feel forgetful for a moment.
As you read the scroll labeled CAVAALE FIODE, it crumbles to dust.
The scroll dissolves into smoke.
It was a scroll of fog.
As you read the scroll labeled EKKANUY UQALE, it crumbles to dust.
You experience a momentary feeling of inescapable doom!
It was a scroll of random uselessness.
Are you sure you want to abandon this character and quit the game? (Confirm with "yes".)
Okay, then.
It was a potion of heal wounds.
You feel much better.
It was a potion of resistance.
You feel protected.
It was a potion of flight.
You feel very buoyant.
You fly up into the air.
Are you sure you want to abandon this character and quit the game? (Confirm with "yes".)

######### #.......#
#.#####.# #.# #.# #.#
#.# ### #.# #.# ..# #.#
#.# ..#
#.#####.############
..###....#....§§@§§....#
.....###.#()############
.....###....#
......###...######
..........)......#
..#...#####.####.#
#.#...........##.#
#..###....#.#.##.# ...#
####.#....#.#


There were no monsters in sight!

Vanquished Creatures
  A dart slug (D:1)
  3 leopard geckos (D:1)
  2 giant cockroaches (D:1)
  3 goblins (D:1)
  2 hobgoblins (D:1)
  5 kobolds (D:1)
  4 bats (D:1)
  2 frilled lizards (D:1)
  5 rats (D:1)
27 creatures vanquished.

Notes
Turn   | Place    | Note
-------+----------+-------------------------------------------
     0 | Abyss:1  | Kairos the Formicid Abyssal Knight began the quest for the
                  | Orb.
     0 | Abyss:1  | Reached XP level 1. HP: 18/18 MP: 2/2
    41 | Abyss:1  | Found a corrupted altar of Lugonu.
    75 | Abyss:1  | Found a corrupted altar of Lugonu.
    82 | Abyss:1  | Found a corrupted altar of Lugonu.
   177 | Abyss:1  | Noticed a freezing wraith
   179 | D:1      | Escaped the Abyss
   290 | D:1      | Reached XP level 2. HP: 10/25 MP: 3/3
   524 | D:1      | Reached * piety under Lugonu
   524 | D:1      | Reached skill level 4 in Fighting
   711 | D:1      | Reached XP level 3. HP: 30/30 MP: 4/4
   719 | D:1      | Reached skill level 1 in Dodging
  1029 | D:1      | Quit the game

Skill      XL: |  1  2  3 |
---------------+----------+-----
Fighting       | 4 |  4.2
Dodging        | 1 |  1.0
Polearms       | |  2.4
Armour         | |  2.4
Invocations    | |  2.2

Action                   || total
-------------------------++-------
Melee: Spear             ||    72
Invok: Depart the Abyss  ||     1
 Abil: Dig               ||     4
  Use: Scroll            ||     6
       Potion            ||     3
Armor: Leather armour    ||     3
       Ring mail         ||    14
Dodge: Dodged            ||    36
